[Event "ICC tourney 3061 (30 10)"]
[Site "Internet Chess Club"]
[Date "2022.11.19"]
[Round "1"]
[White "Statz, Ben:want2winbad"]
[Black "LOPEZ, FRANCISCO JAVIER:steinutz"]
[Result "0-1"]
[ICCResult "White resigns"]
[WhiteElo "1081"]
[BlackElo "1588"]
[Opening "Scandinavian: Pytel-Wade variation"]
[ECO "B01"]
[NIC "SD.02"]
[Time "12:00:19"]
[PlyCount "50"]
[TimeControl "1800+10"]

1. e4 d5 2. exd5 Qxd5 3. Nc3 Qd6 4. Nf3 c6 5. Be2 Bf5 6. d3 Nf6 7. h3 e6 8.
Nh4 Bg6 9. Nxg6 hxg6 10. Be3 Nbd7 11. Qd2 Qc7 12. d4 Bb4 13. a3 Bd6 14.
O-O-O b5 15. b4 a5 16. Na2 axb4 17. Nxb4 Rxa3 18. Kb2 Ra4 19. c3 Bxb4 20.
cxb4 Nd5 21. Kb3 O-O 22. Ra1 Rfa8 23. Rxa4 Rxa4 24. Rc1 Qd6 25. Kc2 Ra2+
{White resigns}
0-1

[Event "ICC tourney 3061 (30 10)"]
[Site "Internet Chess Club"]
[Date "2022.11.19"]
[Round "1"]
[White "Nagarajan, Ramesh:rnagaraj"]
[Black "ASHOK, AMUDHAN:amudhanashok"]
[Result "1-0"]
[ICCResult "Black checkmated"]
[WhiteElo "1357"]
[BlackElo "895"]
[Opening "King's gambit"]
[ECO "C30"]
[NIC "KG.05"]
[Time "12:00:19"]
[PlyCount "45"]
[TimeControl "1800+10"]

1. e4 e5 2. f4 d6 3. Nf3 Nc6 4. Bc4 Bg4 5. d3 Nf6 6. Be3 Be7 7. Nc3 O-O 8.
Qd2 a6 9. O-O b5 10. Bb3 Nd7 11. Bd5 Ndb8 12. fxe5 dxe5 13. Nxe5 Bd7 14.
Nxf7 Rxf7 15. Rxf7 Kh8 16. Raf1 Ra7 17. Bg5 Bc5+ 18. Kh1 Qe8 19. Bh6 Ne5 20.
Bxg7+ Kg8 21. Bxe5 Qxe5 22. Rf8+ Kg7 23. Rg8# {Black checkmated} 1-0

[Event "ICC tourney 3061 (30 10)"]
[Site "Internet Chess Club"]
[Date "2022.11.19"]
[Round "1"]
[White "MA, YUNHUI:K03-16857748"]
[Black "LARSON, CHARLES D:jdchuck68"]
[Result "1-0"]
[ICCResult "Black checkmated"]
[WhiteElo "1125"]
[BlackElo "467"]
[Opening "Sicilian: Grand Prix attack"]
[ECO "B23"]
[NIC "SI.44"]
[Time "12:13:03"]
[PlyCount "67"]
[TimeControl "1800+10"]

1. e4 c5 2. Nc3 Nc6 3. f4 e6 4. Nf3 a6 5. a3 g6 6. Bc4 Bg7 7. d3 Nge7 8. O-O
O-O 9. e5 Nf5 10. Qe1 d5 11. Ba2 f6 12. Qf2 d4 13. Ne4 b6 14. exf6 Bxf6 15.
Nfg5 Kh8 16. Bxe6 h6 17. Nf7+ Rxf7 18. Bxf7 Qe7 19. Bxg6 Bh4 20. Qf3 c4 21.
Qh5 Qg7 22. Bxf5 Bxf5 23. Qxh4 cxd3 24. cxd3 Re8 25. Rf3 Ne7 26. Rg3 Ng6 27.
Qh5 Rf8 28. Nd6 Nxf4 29. Bxf4 Bxd3 30. Rxg7 Kxg7 31. Qxh6+ Kg8 32. Qg5+ Kh8
33. Be5+ Kh7 34. Qg7# {Black checkmated} 1-0

[Event "ICC tourney 3061 (30 10)"]
[Site "Internet Chess Club"]
[Date "2022.11.19"]
[Round "1"]
[White "HONG, HUNTER:hunterhong"]
[Black "ANGEL, BORYS:BArkadia"]
[Result "1/2-1/2"]
[ICCResult "Game drawn by mutual agreement"]
[WhiteElo "937"]
[BlackElo "1360"]
[Opening "Giuoco Pianissimo: Italian four knights variation"]
[ECO "C55"]
[NIC "IG.01"]
[Time "12:00:13"]
[PlyCount "71"]
[TimeControl "1800+10"]

1. e4 e5 2. Nf3 Nc6 3. Bc4 Nf6 4. Nc3 Bc5 5. d3 h6 6. Be3 d6 7. h3 O-O 8.
O-O a6 9. Bxc5 dxc5 10. Nd5 b5 11. Nxf6+ Qxf6 12. Bd5 Rb8 13. Bxc6 Qxc6 14.
Nxe5 Qe6 15. Nf3 Bb7 16. Nh2 f5 17. f3 Qg6 18. Qe2 Rbe8 19. Rae1 Qf6 20. c3
a5 21. Qf2 fxe4 22. fxe4 Qd6 23. Qc2 Rxf1+ 24. Rxf1 c4 25. Qf2 Qb6 26. Qxb6
cxb6 27. dxc4 bxc4 28. Re1 Rxe4 29. Rxe4 Bxe4 30. Ng4 b5 31. a3 Kf7 32. g3
h5 33. Ne3 g5 34. Kf2 Ke6 35. h4 g4 36. Ng2 {Game drawn by mutual agreement}
1/2-1/2

[Event "ICC tourney 3061 (30 10)"]
[Site "Internet Chess Club"]
[Date "2022.11.19"]
[Round "1"]
[White "Tammineni, Tarun Ram:ttarun"]
[Black "Cao, Frank Zhongtian:FrankCao"]
[Result "0-1"]
[ICCResult "White checkmated"]
[WhiteElo "829"]
[BlackElo "1347"]
[Opening "Caro-Kann: exchange variation"]
[ECO "B13"]
[NIC "CK.02"]
[Time "12:00:17"]
[PlyCount "122"]
[TimeControl "1800+10"]

1. e4 c6 2. d4 d5 3. exd5 cxd5 4. Nc3 Nc6 5. Nf3 Bg4 6. h3 Bxf3 7. Qxf3 Nxd4
8. Qd1 e5 9. Be3 Nc6 10. Nxd5 Nf6 11. Nxf6+ Qxf6 12. Bb5 Be7 13. O-O O-O 14.
Qe2 a6 15. Bc4 Bd6 16. Rad1 Qe7 17. Qd2 Bc5 18. Bb3 Bxe3 19. fxe3 Rad8 20.
Qe2 Rxd1 21. Rxd1 Kh8 22. e4 Nd4 23. Qe3 Nxb3 24. Qxb3 h6 25. Qd3 Rc8 26.
Kh1 Kg8 27. a3 Qc5 28. Kh2 Qxc2 29. Qxc2 Rxc2 30. Rd8+ Kh7 31. Rd7 Rxb2 32.
Rxf7 Re2 33. Rxb7 Rxe4 34. Ra7 Ra4 35. Re7 e4 36. Kg1 Rxa3 37. Rxe4 Kg6 38.
Kf2 Kf5 39. Rg4 g5 40. Ke2 a5 41. Kd2 h5 42. Rd4 Ra2+ 43. Kc3 Rxg2 44. Rd5+
Kf4 45. Rxa5 Rg3+ 46. Kd4 Rxh3 47. Ra4 g4 48. Kd5+ Kg5 49. Ra8 Rd3+ 50. Ke4
Rd6 51. Rg8+ Rg6 52. Rxg6+ Kxg6 53. Kf4 Kf6 54. Kg3 Kg5 55. Kg2 Kf4 56. Kh2
Kf3 57. Kh1 g3 58. Kg1 g2 59. Kh2 Kf2 60. Kh3 g1=Q 61. Kh4 Qg4#
{White checkmated}
0-1

[Event "ICC tourney 3061 (30 10)"]
[Site "Internet Chess Club"]
[Date "2022.11.19"]
[Round "1"]
[White "LAUSER, JESSICA T:Shakhmatova"]
[Black "CHETLAPALLI, VISHNU:K01-30144870"]
[Result "1-0"]
[ICCResult "Black forfeits on time"]
[WhiteElo "1500"]
[BlackElo "972"]
[Opening "Sicilian defense"]
[ECO "B20"]
[NIC "SI.48"]
[Time "12:00:30"]
[PlyCount "73"]
[TimeControl "1800+10"]

1. e4 c5 2. d3 d6 3. Nc3 Nc6 4. f4 Nf6 5. Nf3 Bg4 6. h3 Bxf3 7. Qxf3 Nd4 8.
Qd1 e6 9. g3 Be7 10. Bg2 d5 11. e5 Nd7 12. O-O O-O 13. Ne2 Nxe2+ 14. Qxe2
Rc8 15. c3 c4 16. d4 b5 17. Bd2 a5 18. a3 Qb6 19. f5 exf5 20. Bxd5 Qg6 21.
Kh2 Nb6 22. Bf3 Rcd8 23. Qg2 Bg5 24. Be1 f4 25. g4 Qh6 26. Bf2 Nc8 27. d5
Bh4 28. Bc5 Rfe8 29. Bd4 Bg3+ 30. Kh1 Ne7 31. d6 Ng6 32. Bd5 Nh4 33. Bxf7+
Kxf7 34. Qxg3 g5 35. Rae1 Nf5 36. Qh2 Nh4 37. Bb6 {Black forfeits on time}
1-0

[Event "ICC tourney 3061 (30 10)"]
[Site "Internet Chess Club"]
[Date "2022.11.19"]
[Round "1"]
[White "Anand, Anirudh:AnirudhAnand"]
[Black "Romanyuk, Nikita:NikitaR"]
[Result "0-1"]
[ICCResult "White checkmated"]
[WhiteElo "469"]
[BlackElo "1125"]
[Opening "King's Indian: 5.Nf3"]
[ECO "E90"]
[NIC "KI.21"]
[Time "12:00:18"]
[PlyCount "104"]
[TimeControl "1800+10"]

1. d4 Nf6 2. c4 g6 3. Nc3 Bg7 4. e4 d6 5. Nf3 O-O 6. Bd3 Nc6 7. O-O e5 8. d5
Nb8 9. Bg5 Nbd7 10. b4 c6 11. Re1 h6 12. Bxf6 Nxf6 13. h3 Nh5 14. Qc2 Nf4
15. Rad1 Nxd3 16. Qxd3 f5 17. dxc6 Rf6 18. c5 bxc6 19. Nxe5 Qe8 20. Nf3 dxc5
21. bxc5 Qf8 22. Ne5 Qxc5 23. Nf3 Rf8 24. Rc1 fxe4 25. Nxe4 Qd5 26. Qe2 Bf5
27. Ng3 Qb5 28. Qd2 Rfe8 29. Nxf5 Rxe1+ 30. Rxe1 Qxf5 31. Qe2 Rc8 32. Qe3 c5
33. Rc1 a5 34. Qd2 a4 35. Qa5 Qe4 36. Rxc5 Rxc5 37. Qxc5 Qb1+ 38. Kh2 Qxa2
39. Qa5 a3 40. Qa8+ Kh7 41. Qa7 Qb2 42. h4 a2 43. h5 gxh5 44. Qa6 Qb8+ 45.
g3 a1=Q 46. Qd3+ Kh8 47. Nh4 Qf6 48. Ng6+ Kg8 49. Qc4+ Kh7 50. Qd3 Qxf2+ 51.
Kh1 Qb7+ 52. Qf3 Qbxf3# {White checkmated} 0-1

[Event "ICC tourney 3061 (30 10)"]
[Site "Internet Chess Club"]
[Date "2022.11.19"]
[Round "2"]
[White "LAIDO, MATTHEW:Dabao"]
[Black "Nagarajan, Ramesh:rnagaraj"]
[Result "0-1"]
[ICCResult "White checkmated"]
[WhiteElo "1110"]
[BlackElo "1357"]
[Opening "Sicilian: Alapin's variation (2.c3)"]
[ECO "B22"]
[NIC "SI.46"]
[Time "14:00:31"]
[PlyCount "54"]
[TimeControl "1800+10"]

1. e4 c5 2. c3 Nc6 3. d4 cxd4 4. cxd4 e6 5. Nc3 d5 6. e5 Nge7 7. Nf3 Nf5 8.
g4 Nh4 9. h3 Nxf3+ 10. Qxf3 Nxd4 11. Qd1 Nc6 12. Bf4 d4 13. Nb5 Bb4+ 14. Bd2
O-O 15. Qb3 Bxd2+ 16. Kxd2 Nxe5 17. Bg2 Bd7 18. Rac1 Qa5+ 19. Kd1 Bxb5 20.
Rc5 Be2+ 21. Kxe2 Qxc5 22. Qxb7 Rab8 23. Qe4 Rxb2+ 24. Kf1 Qc1+ 25. Qe1 Rc8
26. Be4 Qxe1+ 27. Kxe1 Rc1# {White checkmated} 0-1

[Event "ICC tourney 3061 (30 10)"]
[Site "Internet Chess Club"]
[Date "2022.11.19"]
[Round "2"]
[White "Tammineni, Tarun Ram:ttarun"]
[Black "Statz, Ben:want2winbad"]
[Result "0-1"]
[ICCResult "White checkmated"]
[WhiteElo "829"]
[BlackElo "1081"]
[Opening "Sicilian defense"]
[ECO "B40"]
[NIC "SI.43"]
[Time "14:00:10"]
[PlyCount "118"]
[TimeControl "1800+10"]

1. e4 c5 2. Nf3 e6 3. Nc3 a6 4. Bc4 b5 5. Be2 Nc6 6. d3 Qc7 7. Be3 Nf6 8.
Qd2 d5 9. O-O d4 10. Bf4 e5 11. Nd5 Nxd5 12. exd5 exf4 13. dxc6 Bd6 14. Ng5
O-O 15. Ne4 Be7 16. Rfe1 f5 17. Nc3 dxc3 18. Qxc3 Bd6 19. Qb3+ Kh8 20. Bf3
Rb8 21. Rad1 a5 22. c3 a4 23. Qc2 Qf7 24. a3 Be6 25. Qe2 Bb3 26. Rc1 Rfe8
27. Qd2 Rxe1+ 28. Rxe1 Re8 29. h3 g5 30. Bd1 Rxe1+ 31. Qxe1 Bxd1 32. Qxd1
Qd5 33. Qf3 Qxf3 34. gxf3 Kg7 35. d4 c4 36. Kf1 Kf6 37. Ke2 Ke6 38. Kd2 Kd5
39. Ke1 Kxc6 40. Kf1 Kd5 41. Kg2 h5 42. Kh2 Be7 43. Kg2 Bf6 44. Kh2 Bxd4 45.
cxd4 Kxd4 46. Kg1 Kd3 47. Kf1 Kc2 48. Ke1 Kxb2 49. Kd1 c3 50. h4 gxh4 51.
Ke2 c2 52. Kd3 c1=Q 53. Ke2 Qc2+ 54. Ke1 Qc3+ 55. Kf1 h3 56. Kg1 Qxf3 57.
Kf1 h2 58. Ke1 h1=Q+ 59. Kd2 Qhd1# {White checkmated} 0-1

[Event "ICC tourney 3061 (30 10)"]
[Site "Internet Chess Club"]
[Date "2022.11.19"]
[Round "2"]
[White "CHETLAPALLI, VISHNU:K01-30144870"]
[Black "Anand, Anirudh:AnirudhAnand"]
[Result "1-0"]
[ICCResult "Black checkmated"]
[WhiteElo "972"]
[BlackElo "469"]
[Opening "QGD: 4.Bg5 Be7"]
[ECO "D53"]
[NIC "QO.13"]
[Time "14:00:20"]
[PlyCount "87"]
[TimeControl "1800+10"]

1. d4 d5 2. c4 e6 3. Nc3 Nf6 4. Bg5 Be7 5. Nf3 Nc6 6. e3 h6 7. Bh4 O-O 8.
Ne5 Nxe5 9. dxe5 Nd7 10. Bxe7 Qxe7 11. cxd5 exd5 12. Nxd5 Qxe5 13. Nc3 Re8
14. Be2 Nb6 15. O-O Bf5 16. Qd4 Qe7 17. Rad1 Rad8 18. Qf4 Be6 19. Nb5 c6 20.
Nc7 Rf8 21. Nxe6 fxe6 22. Qg4 Nd5 23. Bc4 Rde8 24. Rd2 Nf6 25. Qh3 Ne4 26.
Rd4 Nd6 27. Bb3 Nb5 28. Rd3 Nd6 29. Rfd1 Nb5 30. Rd7 Qf6 31. Qg3 Rb8 32.
Bxe6+ Kh7 33. a4 Rbe8 34. Bf5+ Kg8 35. axb5 Qxb2 36. Qg6 Rxf5 37. Qxe8+ Kh7
38. R7d2 Qxb5 39. Qe4 Qc5 40. g4 g6 41. Rd7+ Kg8 42. Qe8+ Rf8 43. Qxg6+ Kh8
44. Qh7# {Black checkmated} 1-0

[Event "ICC tourney 3061 (30 10)"]
[Site "Internet Chess Club"]
[Date "2022.11.19"]
[Round "2"]
[White "Cao, Frank Zhongtian:FrankCao"]
[Black "MA, YUNHUI:K03-16857748"]
[Result "1/2-1/2"]
[ICCResult "Game drawn by mutual agreement"]
[WhiteElo "1347"]
[BlackElo "1125"]
[Opening "Ruy Lopez: 5.O-O"]
[ECO "C78"]
[NIC "RL.12"]
[Time "14:00:30"]
[PlyCount "88"]
[TimeControl "1800+10"]

1. e4 e5 2. Nf3 Nc6 3. Bb5 a6 4. Ba4 Nf6 5. O-O b5 6. Bb3 Bc5 7. Nxe5 Nxe5
8. d4 Bxd4 9. Qxd4 d6 10. c3 Bb7 11. f3 h6 12. Kh1 O-O 13. Be3 c5 14. Qd1 c4
15. Bc2 d5 16. exd5 Bxd5 17. Bd4 Ned7 18. Bf5 Be6 19. Bxe6 fxe6 20. Qe2 Re8
21. Nd2 e5 22. Bf2 Nh5 23. Ne4 Ndf6 24. Nxf6+ Nxf6 25. Rad1 Qe7 26. Bh4 Qe6
27. Bxf6 Qxf6 28. Qe4 Rad8 29. Rd5 Qe6 30. Rfd1 Qf6 31. Rxd8 Rxd8 32. Rd5
Qe7 33. h3 Re8 34. Rd1 Qf6 35. Rd5 Qf4 36. Qxf4 exf4 37. Rd6 Re2 38. Rxa6
Rxb2 39. a4 b4 40. cxb4 c3 41. Rc6 c2 42. Kh2 Rxb4 43. Rxc2 Rxa4 44. Kg1 Kh7
{Game drawn by mutual agreement}
1/2-1/2

[Event "ICC tourney 3061 (30 10)"]
[Site "Internet Chess Club"]
[Date "2022.11.19"]
[Round "2"]
[White "LOPEZ, FRANCISCO JAVIER:steinutz"]
[Black "THAPER, RISHUBH:MajorKey"]
[Result "0-1"]
[ICCResult "White checkmated"]
[WhiteElo "1588"]
[BlackElo "1328"]
[Opening "Queen's pawn: Torre attack"]
[ECO "A45"]
[NIC "QP.04"]
[Time "14:00:11"]
[PlyCount "84"]
[TimeControl "1800+10"]

1. d4 Nf6 2. Bg5 e6 3. Nf3 h6 4. Bh4 c5 5. e3 cxd4 6. exd4 Qb6 7. Qc1 Be7 8.
c3 d5 9. Nbd2 Nc6 10. Bd3 Bd7 11. O-O Qc7 12. Re1 O-O 13. Qd1 Nh5 14. Bxe7
Nxe7 15. Ne5 Nf4 16. Bf1 Nfg6 17. Ndf3 a6 18. Bd3 Bb5 19. Nxg6 Nxg6 20. Bxg6
fxg6 21. Rxe6 Qf4 22. Qd2 Qg4 23. Re3 Rae8 24. Ne5 Qg5 25. a4 Bc6 26. Qd3
Re6 27. Rg3 Qf4 28. Rf3 Qg5 29. h4 Qh5 30. b4 Rxf3 31. Nxf3 Rf6 32. b5 Bd7
33. bxa6 bxa6 34. Ne5 Qxh4 35. Nxd7 Qxf2+ 36. Kh1 Rf4 37. g3 Rf5 38. Nf6+
gxf6 39. g4 Qh4+ 40. Kg1 Qxg4+ 41. Kh2 Rh5+ 42. Qh3 Rxh3# {White checkmated}
0-1

[Event "ICC tourney 3061 (30 10)"]
[Site "Internet Chess Club"]
[Date "2022.11.19"]
[Round "2"]
[White "Romanyuk, Nikita:NikitaR"]
[Black "LAUSER, JESSICA T:Shakhmatova"]
[Result "0-1"]
[ICCResult "White forfeits on time"]
[WhiteElo "1125"]
[BlackElo "1500"]
[Opening "QP counter-gambit (elephant gambit)"]
[ECO "C40"]
[NIC "KP.10"]
[Time "14:00:31"]
[PlyCount "84"]
[TimeControl "1800+10"]

1. e4 e5 2. Nf3 d5 3. Nc3 d4 4. Ne2 Bd6 5. c3 c5 6. Ng3 Nc6 7. Bb5 Ne7 8.
O-O O-O 9. d3 Qc7 10. Nd2 a6 11. Ba4 b5 12. Bc2 Be6 13. Bb3 Bd7 14. c4 Na5
15. a3 Rab8 16. Ba2 b4 17. axb4 Rxb4 18. Nb3 Ba4 19. Bd2 Rfb8 20. Ne2 Nxb3
21. Bxb4 Rxb4 22. Rb1 Na5 23. Qd2 Bd7 24. f4 f5 25. fxe5 Bxe5 26. g3 fxe4
27. dxe4 Bh3 28. Rf2 Ng6 29. Kh1 Qb7 30. Qg5 Qxe4+ 31. Kg1 Nc6 32. Qd2 Rb7
33. Re1 d3 34. Nf4 Qd4 35. Nxh3 Rf7 36. Qe3 Qg4 37. Rxf7 Bd4 38. Qxd4 Qxd4+
39. Rf2 h6 40. Re6 Nge5 41. Nf4 d2 42. Bb3 Ng4 {White forfeits on time} 0-1

[Event "ICC tourney 3061 (30 10)"]
[Site "Internet Chess Club"]
[Date "2022.11.19"]
[Round "3"]
[White "Anand, Anirudh:AnirudhAnand"]
[Black "Tammineni, Tarun Ram:ttarun"]
[Result "1-0"]
[ICCResult "Black checkmated"]
[WhiteElo "469"]
[BlackElo "829"]
[Opening "Giuoco Piano: four knights variation"]
[ECO "C55"]
[NIC "IG.01"]
[Time "16:01:02"]
[PlyCount "93"]
[TimeControl "1800+10"]

1. e4 e5 2. Nf3 Nc6 3. Bc4 Nf6 4. Nc3 Bc5 5. O-O O-O 6. d3 h6 7. Re1 d6 8.
h3 Be6 9. Nd5 Nxd5 10. exd5 Bxd5 11. Bxd5 Bb4 12. c3 Ba5 13. b4 Bb6 14. a4
a6 15. Bxc6 bxc6 16. a5 Ba7 17. Be3 Qd7 18. Bxa7 Rxa7 19. d4 exd4 20. Qxd4
Raa8 21. Ne5 Qd8 22. Nxc6 Qd7 23. Ne5 Qd8 24. Nd3 Re8 25. Rxe8+ Qxe8 26. Re1
Qd7 27. Qd5 Rd8 28. Rd1 c6 29. Qd4 c5 30. bxc5 dxc5 31. Qe4 Qc7 32. f3 c4
33. Nf2 Rxd1+ 34. Nxd1 Qc5+ 35. Kh2 Qc7+ 36. Kh1 Qxa5 37. Qxc4 Qa1 38. Qd3
a5 39. c4 a4 40. c5 a3 41. c6 a2 42. c7 Qc1 43. Qd8+ Kh7 44. c8=Q a1=Q 45.
Qf5+ g6 46. Qxf7+ Qg7 47. Qdg8# {Black checkmated} 1-0

[Event "ICC tourney 3061 (30 10)"]
[Site "Internet Chess Club"]
[Date "2022.11.19"]
[Round "3"]
[White "LARSON, CHARLES D:jdchuck68"]
[Black "LAIDO, MATTHEW:Dabao"]
[Result "0-1"]
[ICCResult "White checkmated"]
[WhiteElo "467"]
[BlackElo "1110"]
[Opening "Ruy Lopez: classical (Cordel) defense"]
[ECO "C64"]
[NIC "RL.01"]
[Time "16:01:07"]
[PlyCount "116"]
[TimeControl "1800+10"]

1. e4 e5 2. Nf3 Nc6 3. Bb5 Bc5 4. Nc3 d6 5. d3 Nf6 6. O-O O-O 7. Nd5 Bg4 8.
h3 Bh5 9. Bg5 Nd4 10. c3 Nxb5 11. Qd2 Bxf3 12. gxf3 c6 13. Nxf6+ gxf6 14.
Bh6 Re8 15. f4 Kh8 16. f5 Rg8+ 17. Kh1 d5 18. f4 dxe4 19. fxe5 e3 20. Qd1
Qd5+ 21. Qf3 Qxf3+ 22. Rxf3 fxe5 23. b4 Bf8 24. Bxe3 Nxc3 25. d4 e4 26. Rf2
Bxb4 27. d5 Rg3 28. Bd4+ Kg8 29. Rg1 Rxg1+ 30. Kxg1 cxd5 31. Rg2+ Kf8 32.
Bg7+ Ke8 33. Bf6 Kd7 34. a3 Bc5+ 35. Kh1 Nb5 36. Rd2 Kc6 37. a4 Nd6 38. Rc2
Nxf5 39. Be5 Rg8 40. h4 Nxh4 41. Bd4 b6 42. a5 Nf3 43. Rc1 Nxd4 44. axb6
axb6 45. Rg1 Rxg1+ 46. Kxg1 e3 47. Kf1 e2+ 48. Ke1 Bb4+ 49. Kf2 e1=Q+ 50.
Kg2 Qe3 51. Kh1 Qd2 52. Kg1 Nf3+ 53. Kh1 Ng5 54. Kg1 Kd6 55. Kh1 Ke5 56. Kg1
Kf4 57. Kh1 Kg3 58. Kg1 Qe1# {White checkmated} 0-1

[Event "ICC tourney 3061 (30 10)"]
[Site "Internet Chess Club"]
[Date "2022.11.19"]
[Round "3"]
[White "Cao, Frank Zhongtian:FrankCao"]
[Black "HONG, HUNTER:hunterhong"]
[Result "0-1"]
[ICCResult "White forfeits on time"]
[WhiteElo "1347"]
[BlackElo "937"]
[Opening "Ruy Lopez: old Steinitz defense"]
[ECO "C62"]
[NIC "RL.02"]
[Time "16:01:03"]
[PlyCount "70"]
[TimeControl "1800+10"]

1. e4 e5 2. Nf3 Nc6 3. Bb5 d6 4. d4 Bd7 5. d5 Nce7 6. Bxd7+ Qxd7 7. O-O Ng6
8. c4 Nf6 9. Nc3 Be7 10. Be3 O-O 11. b4 h6 12. Nd2 Ng4 13. h3 Nxe3 14. fxe3
Bg5 15. Qe2 f5 16. exf5 Rxf5 17. e4 Nf4 18. Qg4 Rf7 19. Qxd7 Rxd7 20. Nf3
Rf8 21. Nxg5 hxg5 22. Kh2 Rdf7 23. Rf3 Rf6 24. Raf1 Rh6 25. Kg1 Rhf6 26. Kh2
Nd3 27. Rxf6 Rxf6 28. Rxf6 gxf6 29. a3 Nb2 30. c5 Nc4 31. cxd6 cxd6 32. a4
Kf7 33. Kg3 Kg6 34. Kf3 a6 35. g4 Na3 {White forfeits on time} 0-1

[Event "ICC tourney 3061 (30 10)"]
[Site "Internet Chess Club"]
[Date "2022.11.19"]
[Round "3"]
[White "Statz, Ben:want2winbad"]
[Black "CHETLAPALLI, VISHNU:K01-30144870"]
[Result "0-1"]
[ICCResult "White resigns"]
[WhiteElo "1081"]
[BlackElo "972"]
[Opening "Sicilian: dragon variation"]
[ECO "B70"]
[NIC "SI.15"]
[Time "16:00:56"]
[PlyCount "102"]
[TimeControl "1800+10"]

1. e4 c5 2. Nf3 d6 3. d4 cxd4 4. Nxd4 Nf6 5. Nc3 g6 6. Bg5 Bg7 7. Qd2 Nc6 8.
Nxc6 bxc6 9. h3 Rb8 10. Bc4 Rxb2 11. Bb3 Qa5 12. O-O Nd7 13. Na4 Qxd2 14.
Bxd2 Rxb3 15. cxb3 Bxa1 16. Rxa1 O-O 17. Bc3 Ba6 18. Rc1 c5 19. f4 Rc8 20.
Bd2 Nb6 21. Nc3 Kf8 22. a4 Nd7 23. Kf2 Rb8 24. Rb1 Bd3 25. Rb2 Bc4 26. Bc1
Rxb3 27. Rxb3 Bxb3 28. a5 Ke8 29. Nb5 a6 30. Nc7+ Kd8 31. Nd5 Bxd5 32. exd5
Nf6 33. g4 Nxd5 34. Bd2 Kd7 35. Kf3 Kc6 36. Ke4 Nf6+ 37. Kd3 Kd5 38. Ke3 Ne4
39. Be1 c4 40. f5 gxf5 41. gxf5 Ke5 42. f6 Nxf6 43. Bc3+ Kf5 44. Kd4 d5 45.
Kc5 Ne4+ 46. Kb6 Nxc3 47. Kxa6 d4 48. Kb7 d3 49. a6 d2 50. a7 d1=Q 51. a8=Q
Qd5+ {White resigns} 0-1

[Event "ICC tourney 3061 (30 10)"]
[Site "Internet Chess Club"]
[Date "2022.11.19"]
[Round "3"]
[White "LAUSER, JESSICA T:Shakhmatova"]
[Black "Nagarajan, Ramesh:rnagaraj"]
[Result "0-1"]
[ICCResult "White resigns"]
[WhiteElo "1500"]
[BlackElo "1357"]
[Opening "Sicilian defense"]
[ECO "B20"]
[NIC "SI.48"]
[Time "16:01:09"]
[PlyCount "78"]
[TimeControl "1800+10"]

1. e4 c5 2. d3 Nc6 3. Nd2 g6 4. Ngf3 Nf6 5. g3 Bg7 6. Bg2 d5 7. O-O O-O 8.
Re1 dxe4 9. dxe4 e5 10. c3 Qc7 11. Qc2 Be6 12. Nf1 Rfd8 13. Ne3 h6 14. h3 b5
15. g4 Rab8 16. g5 hxg5 17. Nxg5 Bd7 18. Nd5 Nxd5 19. exd5 Ne7 20. f4 Bf5
21. Qf2 Nxd5 22. Qh4 Nxf4 23. Qh7+ Kf8 24. Bxf4 exf4 25. Qh4 b4 26. c4 Bxb2
27. Bd5 Bxa1 28. Bxf7 Bd4+ 29. Kg2 Qb7+ 30. Kh2 f3 31. Qh7 Qc7+ 32. Kh1 Be5
33. Qg8+ Ke7 34. Qg7 Be4 35. Bd5+ Bxg7 36. Rxe4+ Kf6 37. Nh7+ Kf5 38. Re1
Qg3 39. Be4+ Kf4 {White resigns} 0-1

[Event "ICC tourney 3061 (30 10)"]
[Site "Internet Chess Club"]
[Date "2022.11.19"]
[Round "3"]
[White "MA, YUNHUI:K03-16857748"]
[Black "LOPEZ, FRANCISCO JAVIER:steinutz"]
[Result "0-1"]
[ICCResult "White resigns"]
[WhiteElo "1125"]
[BlackElo "1588"]
[Opening "Scandinavian: Pytel-Wade variation"]
[ECO "B01"]
[NIC "SD.02"]
[Time "16:00:59"]
[PlyCount "88"]
[TimeControl "1800+10"]

1. e4 d5 2. exd5 Qxd5 3. Nc3 Qd6 4. d4 c6 5. Nf3 Bf5 6. Bc4 Nf6 7. Ne5 e6 8.
O-O Nbd7 9. f4 h5 10. Ne2 Ne4 11. Nc3 Ndf6 12. Be3 Be7 13. Nxe4 Bxe4 14. Qe1
Bxc2 15. Qg3 g6 16. Rac1 Bf5 17. Rcd1 Ng4 18. h3 Nxe5 19. fxe5 Qb4 20. Bb3
a5 21. Rd2 O-O-O 22. Bc2 Kb8 23. a3 Qc4 24. Qf2 Qd5 25. Rb1 Qa2 26. b4 Bxc2
27. Rc1 Qxa3 28. Rdxc2 axb4 29. Qd2 Rd5 30. Ra2 Qb3 31. Rb2 Qa4 32. Ra2 Qb5
33. Rca1 Rhd8 34. Ra5 Qb6 35. Qa2 Rxa5 36. Qxa5 Qxa5 37. Rxa5 Rd5 38. Ra1
Rb5 39. Rb1 b6 40. Kf2 c5 41. Kf3 c4 42. Ke2 Kb7 43. Kd2 Kc6 44. Kc2 Kd5
{White resigns}
0-1

[Event "ICC tourney 3061 (30 10)"]
[Site "Internet Chess Club"]
[Date "2022.11.19"]
[Round "3"]
[White "THAPER, RISHUBH:MajorKey"]
[Black "ANGEL, BORYS:BArkadia"]
[Result "1-0"]
[ICCResult "Black resigns"]
[WhiteElo "1328"]
[BlackElo "1360"]
[Opening "King's Indian: 6.Be2"]
[ECO "E91"]
[NIC "KI.19"]
[Time "16:00:54"]
[PlyCount "107"]
[TimeControl "1800+10"]

1. d4 Nf6 2. c4 d6 3. Nc3 g6 4. e4 Bg7 5. Nf3 O-O 6. Be2 Nbd7 7. Be3 a6 8.
h3 c5 9. d5 Qa5 10. Nd2 e6 11. O-O exd5 12. cxd5 Re8 13. Bf4 Ne5 14. Bxe5
dxe5 15. Nc4 Qc7 16. a4 b6 17. Qb3 Rb8 18. Rfd1 Bd7 19. Ne3 Qb7 20. Nc4 Bf8
21. a5 b5 22. Nb6 c4 23. Qc2 Bc5 24. Nxd7 Nxd7 25. d6 Re6 26. Bg4 Rf6 27.
Rd2 Kg7 28. Nd5 Rxd6 29. Rad1 Nf8 30. b3 h5 31. Be2 Ne6 32. bxc4 Nd4 33. Qd3
Nxe2+ 34. Qxe2 bxc4 35. Qxc4 Rc8 36. Qd3 Bd4 37. Rb1 Qa7 38. Qe2 Rc5 39. Ra2
Rdc6 40. Qf3 Rc1+ 41. Rxc1 Rxc1+ 42. Kh2 Rf1 43. Qf6+ Kh7 44. Ne7 Qxe7 45.
Qxe7 Kg7 46. Rc2 Bxf2 47. Qxe5+ Kh7 48. Rxf2 Rxf2 49. Qc7 Kh6 50. Qc6 Kg5
51. Kg3 Rf1 52. Qxa6 h4+ 53. Kh2 Rf6 54. Qc8 {Black resigns} 1-0

[Event "ICC tourney 3061 (30 10)"]
[Site "Internet Chess Club"]
[Date "2022.11.19"]
[Round "4"]
[White "ANGEL, BORYS:BArkadia"]
[Black "Cao, Frank Zhongtian:FrankCao"]
[Result "1/2-1/2"]
[ICCResult "Game drawn by mutual agreement"]
[WhiteElo "1360"]
[BlackElo "1347"]
[Opening "Caro-Kann: classical, Spassky variation"]
[ECO "B19"]
[NIC "CK.12"]
[Time "18:00:14"]
[PlyCount "36"]
[TimeControl "1800+10"]

1. e4 c6 2. d4 d5 3. Nc3 dxe4 4. Nxe4 Bf5 5. Ng3 Bg6 6. h4 h6 7. Nf3 Nd7 8.
h5 Bh7 9. Bd3 Bxd3 10. Qxd3 e6 11. c4 Ngf6 12. Bf4 Be7 13. O-O O-O 14. Ne4
Nxe4 15. Qxe4 Nf6 16. Qe5 Ng4 17. Qe4 Nf6 18. Qe5 Ng4
{Game drawn by mutual agreement}
1/2-1/2